 Dungeon Crawl Stone Soup version 0.17-a0-854-g4a4ba72 (webtiles) character file.

227 Sixotanaka the Chopper (level 5, -4/46 HPs)
             Began as a Deep Dwarf Fighter on Apr 27, 2015.
             Slain by eataudio's ghost (8 damage)
             ... on level 4 of the Dungeon.
             The game lasted 00:07:47 (2801 turns).

Sixotanaka the Chopper (Deep Dwarf Fighter)         Turns: 2801, Time: 00:07:47

Health: -4/46      AC:  8    Str: 26    XL:     5   Next: 70%
Magic:  5/5        EV:  7    Int:  8    God:
Gold:   194        SH: 10    Dex: 12    Spells: 0 memorised, 4 levels left

rFire  . . .     SeeInvis .     a - +0 war axe
rCold  . . .     Clarity  .     b - +0 scale mail
rNeg   . . .     SustAb   .     c - +0 shield
rPois  .         Gourm    .     x - +0 helmet
rElec  .         Spirit   .     (no cloak)
rCorr  .         Warding  .     (no gloves)
rMut   .         Stasis   .     (no boots)
MR     .....                    (no amulet)
Stlth  ..........               (no ring)
                                (no ring)

@: mighty, non-regenerating, not resistant to hostile enchantments, extremely
unstealthy
A: damage resistance, recharge devices, sense surroundings 1, slow healing 3
a: Device Recharging


You were on level 4 of the Dungeon.
You were not hungry.

You visited 1 branch of the dungeon, and saw 4 of its levels.

You collected 194 gold pieces.


Innate Abilities, Weirdness & Mutations

You are resistant to damage.
You can recharge devices by infusing magical energy.
You passively map a small area around you.
You do not heal naturally.


   Skills:
 - Level 2.6 Fighting
 + Level 6.6 Axes
 - Level 3.2 Armour
 - Level 3.2 Shields


You had 4 spell levels left.
You didn't know any spells.

Dungeon Overview and Level Annotations

Branches:
Dungeon (4/15)
 Temple: D:4-7

Altars:
Okawaru

Annotations:
D:4 eataudio's ghost, experienced MiFi

Inventory:

Hand weapons
 a - a +0 war axe (weapon)
 q - a +0 hunting sling
Missiles
 r - 65 stones (quivered)
 t - 2 throwing nets
 y - 5 tomahawks
 C - 13 poisoned needles
Armour
 b - a +0 scale mail (worn)
 c - a +0 shield (worn)
 x - a +0 helmet (worn)
Jewellery
 p - a +5 ring of strength {unknown}
Magical devices
 e - a wand of heal wounds (2) {@v2}
 A - a wand of slowing (29)
Scrolls
 h - 3 scrolls of identify {unknown}
 l - 2 scrolls of teleportation {unknown}
 n - a scroll of enchant armour {unknown}
 v - a scroll of remove curse {unknown}
Potions
 g - 6 potions of curing {unknown}
 i - 2 potions of heal wounds {unknown}
 j - a potion of agility {unknown}
 k - a potion of lignification {unknown}
 m - a potion of haste {unknown}
 s - a potion of degeneration {unknown}
 u - 2 potions of magic {unknown}
 z - a potion of invisibility {unknown}
 B - 2 potions of restore abilities {unknown}
Comestibles
 f - 3 bread rations
 o - 3 fruits
 w - 2 chunks of flesh

#.# #............#.#
#.################.#.#
#.#..<.....#####.#.#.#
#.#.######....)..#.#.#
#.#'###########......#
#............#.......#
#.......####.........#
#..[....######.......#
#.....W@.........#+#.#
** ###.(.....######.#
#.# , .(((.........
>..,#.# ###..........#
#.# #.# #..........# .
. , #..........#* ,
'.........[ , , , *
......... , ... , *


You could see eataudio's ghost.


Message History

Your scale mail prevents you from hitting the worker ant.
You block the worker ant's attack.
You closely miss the worker ant. You block the worker ant's attack.
You block the worker ant's attack.
You slash the worker ant! You block the worker ant's attack.
You closely miss the worker ant. The worker ant barely misses you.
The worker ant closely misses you.
You slash the worker ant!
You kill the worker ant!
You start waiting.
Done waiting.
An orc comes into view. It is wielding a mace of crushing.
The orc shouts!
An orc is nearby!
You are too injured to fight recklessly!
You are too injured to fight recklessly!
You are too injured to fight recklessly!
You start waiting.
You hit the orc. The orc hits you but does no damage.
You hit the orc. You block the orc's attack.
You barely miss the orc. The orc closely misses you.
You completely miss the orc. The orc hits you but does no damage.
You slash the orc!
You kill the orc!
Things that are here:
a mace of crushing; an orc corpse You butcher the orc corpse.
w - 2 chunks of flesh You see here a mace of crushing.
Found a stone staircase leading down.
Found 16 gold pieces.
You now have 184 gold pieces (gained 16).
Found a leather armour.
Found a scroll labeled QUANTA KEPRADD.
Found a bread ration and 10 gold pieces.
f - 3 bread rations (gained 1)
Found a leather armour.
You now have 194 gold pieces (gained 10).
Eataudio's ghost (experienced Minotaur Fighter) comes into view.
Here: eataudio's ghost (hasn't noticed you)
The floor.
You are now empty-handed.
Eataudio's ghost turns its malevolent gaze towards you.
Wield which item (- for none, * to show all)? (? for menu, Esc to quit)
q - a +0 hunting sling (weapon)
Eataudio's ghost says, "You can hit me, but you can't hurt me."
Aim: eataudio's ghost You shoot a stone.
The stone hits eataudio's ghost but does no damage.
Aim: eataudio's ghost You shoot a stone.
The stone hits eataudio's ghost.
Aim: eataudio's ghost (lightly damaged)
You shoot a stone.
The stone closely misses eataudio's ghost.
Aim: eataudio's ghost (lightly damaged)
You shoot a stone. The stone hits eataudio's ghost.
Wield which item (- for none, * to show all)? (? for menu, Esc to quit)
a - a +0 war axe (weapon)
You closely miss eataudio's ghost. Eataudio's ghost hits you!
* * * LOW HITPOINT WARNING * * *
Eataudio's ghost hits you.
* * * LOW HITPOINT WARNING * * *
Drink which item? (? for menu, Esc to quit)
You feel very mighty all of a sudden. You block eataudio's ghost's attack.
You completely miss eataudio's ghost. Eataudio's ghost hits you!
* * * LOW HITPOINT WARNING * * *
Your shield and scale mail prevent you from hitting eataudio's ghost.
Eataudio's ghost hits you!
You die...

Action                   |  1- 3 |  4- 6 || total
-------------------------+-------+-------++-------
Melee: War axe           |   159 |   169 ||   328
 Fire: Hunting sling     |    18 |     4 ||    22
Throw: Stone             |       |     2 ||     2
Evoke: Wand              |     1 |     2 ||     3
  Use: Potion            |       |     1 ||     1
  Eat: Chunk             |     1 |     4 ||     5
       Beef jerky        |       |     1 ||     1

Vault maps used:
D:1:      minmay_arrival_four_circles
D:2:      minmay_fountain_box, glass_columns_c, minmay_crystal_water
D:3:      nicolae_overflow_hidden_temple, serial_co_window_serial,
          co_window_of_opportunity_a, co_window_paths_a, co_window_corner_a,
          co_window_corner_a, co_window_corner_a, co_window_cross_1,
          co_window_corner_a, co_window_broadway_c, co_window_of_opportunity_b,
          co_window_2corner, co_window_broadway_a, co_window_paths_d,
          co_window_paths_e, glass_columns_a, glass_columns_b, glass_columns_b,
          small_statue_intersection
D:4:      hangedman_decor_slide_cut, small_statue_intersection

Notes
Turn   | Place    | Note
--------------------------------------------------------------
     0 | D:1      | Sixotanaka, the Deep Dwarf Fighter, began the quest for the Orb.
     0 | D:1      | Reached XP level 1. HP: 20/20 MP: 1/1
    94 | D:1      | Reached skill level 3 in Axes
    97 | D:1      | Reached XP level 2. HP: 22/27 MP: 2/2
   480 | D:1      | Reached XP level 3. HP: 20/33 MP: 3/3
   658 | D:1      | Reached skill level 4 in Axes
  1038 | D:2      | Reached XP level 4. HP: 35/40 MP: 4/4
  1089 | D:2      | Reached skill level 5 in Axes
  1720 | D:3      | HP: 8/40 [gnoll/halberd (7)]
  1722 | D:3      | HP: 3/40 [gnoll/halberd (4)]
  1732 | D:3      | Reached XP level 5. HP: 18/46 MP: 5/5
  1852 | D:3      | You fall through a shaft!
  1877 | D:4      | Reached skill level 6 in Axes
  2376 | D:3      | Found an iron altar of Okawaru.
  2791 | D:4      | Noticed eataudio's ghost (experienced MiFi)
  2800 | D:4      | HP: 4/46 [eataudio's ghost (10)]
  2801 | D:4      | Slain by eataudio's ghost

Vanquished Creatures
  A worker ant (D:4)
  A hound skeleton (D:4)
  6 adders
  4 gnolls (D:3)
  2 worms (D:2)
  A giant gecko (D:1)
  6 orcs
  2 ball pythons
  3 bats
  11 giant cockroaches
  10 hobgoblins
  7 jackals
  5 kobolds
  4 giant newts
  12 goblins
  2 quokkas (D:3)
  9 rats
86 creatures vanquished.
